cohdb
Replays
Latest Replays
All Replays
Popular Replays
Top Player Replays
Match Explorer
How It Works
Community
CoH3 Stats
Reddit
Sign in to upload your games and track your stats! →
Sign in with Steam
Match 42306146
Unlisted
Match 42306146
Overview
Messages
Build Orders
End
Scout Squad
Construct Barracks
1⁄4-ton 4x4 Truck
Riflemen Squad
Riflemen Squad
Infantry Support Center
Construct Weapon Support Center
M3 Armored Personnel Carrier
Selects Heavy Weapons
Selects Assault Carriers
Selects Exchangeable Parts
Construct Medical Station
Engineer Squad
M3 Assault Carrier
Engineer Squad
M1918 Browning Automatic Rifles
Riflemen Squad
Insomniac
Azxc
Manu
Nico-Nico-Nii~~
0
0
Comments
sign in to comment!
No comments posted yet!